 Dungeon Crawl Stone Soup version 0.21-a0-529-g8c7b3f5 (webtiles) character file.

630 tof the Slasher (level 7, -6/61 HPs)
             Began as a Minotaur Monk on Dec 10, 2017.
             Was a Priest of Wu Jian.
             Killed from afar by an orc wizard (9 damage)
             ... with a magic dart
             ... on level 4 of the Dungeon.
             The game lasted 00:09:52 (3900 turns).

tof the Slasher (Minotaur Monk)                     Turns: 3900, Time: 00:09:53

Health: -6/61      AC:  5    Str: 15    XL:     7   Next: 24%
Magic:  6/6        EV: 13    Int:  7    God:    Wu Jian [***...]
Gold:   128        SH:  0    Dex: 15    Spells: 6/6 levels left

rFire    . . .     SeeInvis .   a - +0 falchion
rCold    . . .     Gourm    .   (no shield)
rNeg     . . .     Faith    .   e - +0 leather armour
rPois    .         Spirit   .   (helmet restricted)
rElec    .         Reflect  .   (no cloak)
rCorr    .         Harm     .   t - +0 pair of gloves
MR       .....                  o - +0 pair of boots
Stlth    ++........             (no amulet)
HPRegen  0.20/turn              (no ring)
MPRegen  0.10/turn              (no ring)

@: no status effects
A: retaliatory headbutt, horns 2
a: Serpent's Lash, Renounce Religion


You were on level 4 of the Dungeon.
You worshipped Wu Jian.
Wu Jian was most pleased with you.
You were not hungry.

You visited 1 branch of the dungeon, and saw 4 of its levels.

You collected 128 gold pieces.

Inventory:

Hand Weapons
 a - a +0 falchion (weapon)
Missiles
 q - 2 javelins (quivered)
Armour
 b - a +0 robe
 e - a +0 leather armour (worn)
 o - a +0 pair of boots (worn)
 t - a +0 pair of gloves (worn)
Wands
 r - a wand of paralysis (19)
Scrolls
 i - 3 scrolls of remove curse {unknown}
 k - 2 scrolls of identify {unknown}
 m - a scroll of immolation {unknown}
 s - a scroll of enchant weapon {unknown}
 x - 3 scrolls of amnesia {unknown}
Potions
 d - 3 potions of ambrosia {unknown}
 f - a potion of heal wounds {unknown}
 j - a potion of haste {unknown}
 l - a potion of agility {unknown}
 n - a potion of magic {unknown}
 p - a potion of resistance {unknown}
 v - a potion of might {unknown}
 w - a potion of cancellation {unknown}
Comestibles
 c - 3 bread rations
 g - a royal jelly
 h - a meat ration
 u - 2 chunks of flesh


   Skills:
 + Level 5.5 Fighting
 * Level 7.0 Long Blades
 + Level 3.2 Throwing
 + Level 4.0 Armour
 - Level 3.2 Dodging
 - Level 1.5 Stealth


You had 6 spell levels left.
You didn't know any spells.

Dungeon Overview and Level Annotations

Branches:
Dungeon (4/15)
 Temple: D:4-7

Altars:
Hepliaklqana
Kikubaaqudgha
Wu Jian

Annotations:
D:2 Natasha


Innate Abilities, Weirdness & Mutations

You reflexively headbutt those who attack you in melee.
You have a pair of horns on your head.


Message History

Your Long Blades skill increases to level 7!
Your Armour skill increases to level 4!
You hit the orc wizard.
The orc wizard is moderately wounded.
The orc wizard misses you. You furiously retaliate!
You headbutt the orc wizard.
The orc priest invokes the aid of Beogh against you.
Beogh smites you!
* * * LOW HITPOINT WARNING * * *
Some of the chunks of flesh in your inventory have rotted away.
The orc wizard points at you and mumbles some strange words.
The magic dart hits you!
* * * LOW HITPOINT WARNING * * *
The orc priest looks satisfied for a moment.
The orc wizard casts a spell.
The orc wizard flickers and vanishes!
Deactivating autopickup; reactivate with Ctrl-A.
The orc wizard gestures at you while chanting.
The magic dart hits you!
You die...

###§#.#≈#........###....######.#
#.'§._..'.######## ####)#
#.#§#§#≈### #)# #.#≈≈§§≈#
####)### ..####### #......# ###
###..# #####<##>#.# .....
#........#.# #... #.###.##.#.#
.#.#...######@# #.##.#.#
...((.oo..o...# #.#..#.#
.#.###.######## #.#.##.# #..
#.#. #.# #.# #.#. #.# #. #.# #.
#.. #


You could see an orc priest, an orc wizard and an orc.

Vanquished Creatures
  Sigmund (D:3)
  Edmund (D:4)
  A big kobold (D:3)
  A bullfrog skeleton (D:4)
  Natasha (twice) (D:2)
  2 worker ants (D:4)
  Robin (D:1)
  5 adders
  A gnoll (D:1)
  An ooze (D:3)
  A worm (D:3)
  A dart slug (D:1)
  2 leopard geckos
  8 orcs
  4 giant cockroaches
  14 goblins
  8 hobgoblins
  5 jackals (D:2)
  A ball python (D:3)
  15 bats
  7 frilled lizards
  12 kobolds
  A leopard gecko skeleton (D:4)
  A quokka skeleton (D:4)
  7 rats
103 creatures vanquished.

Notes
Turn   | Place    | Note
-------+----------+-------------------------------------------
     0 | D:1      | tof the Minotaur Monk began the quest for the Orb.
     0 | D:1      | Reached XP level 1. HP: 19/19 MP: 0/0
    11 | D:1      | Reached skill level 4 in Long Blades
    11 | D:1      | Reached XP level 2. HP: 27/27 MP: 1/1
   151 | D:1      | Reached skill level 1 in Armour
   903 | D:2      | Reached XP level 3. HP: 33/33 MP: 2/2
   909 | D:2      | Reached skill level 1 in Throwing
  1018 | D:2      | Noticed Robin
  1055 | D:1      | Killed Robin
  1371 | D:2      | Noticed Natasha
  1390 | D:2      | Reached XP level 4. HP: 37/40 MP: 3/3
  1414 | D:2      | Killed Natasha
  1620 | D:2      | Reached skill level 5 in Long Blades
  1862 | D:2      | Noticed Natasha
  1871 | D:2      | Killed Natasha
  1986 | D:2      | Noticed Natasha
  2163 | D:2      | Reached XP level 5. HP: 42/47 MP: 4/4
  2218 | D:2      | Found an ornate altar of the Wu Jian Council.
  2365 | D:2      | Found a hazy altar of Hepliaklqana.
  2507 | D:2      | Became a worshipper of the Wu Jian Council
  2507 | D:2      | Reached * piety under Wu Jian
  2507 | D:2      | Reached ** piety under Wu Jian
  2545 | D:3      | Noticed Sigmund
  2555 | D:3      | Killed Sigmund
  2555 | D:3      | Reached skill level 6 in Long Blades
  2555 | D:3      | Reached XP level 6. HP: 40/55 MP: 5/5
  2701 | D:3      | Reached skill level 5 in Fighting
  3656 | D:4      | Reached *** piety under Wu Jian
  3703 | D:4      | Found an ancient bone altar of Kikubaaqudgha.
  3708 | D:4      | Reached XP level 7. HP: 50/61 MP: 6/6
  3873 | D:4      | Noticed Edmund
  3894 | D:4      | Killed Edmund
  3894 | D:4      | Reached skill level 7 in Long Blades
  3897 | D:4      | HP: 2/61 [orc wizard/magic dart (8)]
  3900 | D:4      | Killed from afar by an orc wizard

Vault maps used:
D:1:      zelgadis_glass_arrival_small, kennysheep_nondescript, minmay_cupped
D:2:      cheibrodos_helix_gallery, old_standard_altar,
          nicolae_overflow_crystal_walls, first_bread, st_stairs_4, uniq_robin,
          uniq_natasha
D:3:      cheibrodos_thug_alley, uniq_sigmund
D:4:      lemuel_blue_sif_altar, kennysheep_little_box, uniq_edmund

Skill      XL: |  1  2  3  4  5  6  7 |
---------------+----------------------+-----
Long Blades    | 4 5 6 7 |  7.0
Armour         | 1 2 3 4 |  4.0
Fighting       | 4 5 |  5.5
Throwing       | 1 2 3 |  3.2
Dodging        | |  3.2
Stealth        | |  1.5

Action                   |  1- 3 |  4- 6 |  7- 9 || total
-------------------------+-------+-------+-------++-------
Melee: Falchion          |    59 |   117 |    27 ||   203
       Headbutt          |    13 |    23 |     5 ||    41
Throw: Javelin           |    20 |    17 |     4 ||    41
 Stab: Sleeping          |       |     2 |       ||     2
  Eat: Chunk             |     1 |     8 |     1 ||    10
Armor: Robe              |     4 |       |       ||     4
       Leather armour    |    17 |    20 |     2 ||    39
Dodge: Dodged            |    57 |    81 |     7 ||   145
       Rpst.: Falchion   |    20 |    23 |     3 ||    46

Table legend:
 A = Spawn XP
 B = Non-spawn XP
 C = Spawn XP percentage of total XP
 D = Spawn monster count
 E = Non-spawn monster count
 F = Spawn count percentage of total count
 G = Total turns spent on level
                    A         B        C        D         E        F      G
               +---------+---------+-------+---------+---------+-------+---------
         Total |       0 |     900 |   0.0 |       0 |     103 |   0.0 |  3900
               +---------+---------+-------+---------+---------+-------+---------
           D:1 |       0 |      54 |   0.0 |       0 |      16 |   0.0 |  1113
           D:2 |       0 |     153 |   0.0 |       0 |      40 |   0.0 |  1422
           D:3 |       0 |     420 |   0.0 |       0 |      35 |   0.0 |  1027
           D:4 |       0 |     273 |   0.0 |       0 |      12 |   0.0 |   338
               +---------+---------+-------+---------+---------+-------+---------
